 Dungeon Crawl Stone Soup version 0.18-a0-19-g8b99b3a (webtiles) character file.

193 Raultor the Shield-Bearer (level 5, 0/32 HPs)
             Began as a Gargoyle Fighter on Nov 1, 2015.
             Slain by Edmund
             ... wielding a +4 flail of holy wrath
              (3 damage)
             ... on level 3 of the Dungeon.
             The game lasted 00:07:18 (2886 turns).

Raultor the Shield-Bearer (Gargoyle Fighter)        Turns: 2886, Time: 00:07:18

Health: 0/32       AC: 13    Str: 26    XL:     5   Next: 72%
Magic:  5/5        EV:  9    Int:  8    God:
Gold:   138        SH: 10    Dex:  9    Spells: 0 memorised, 4 levels left

rFire  . . .     SeeInvis .     a - +0 flail
rCold  . . .     Clarity  .     y - +0 leather armour {MR+}
rNeg   + . .     SustAt   .     c - +0 shield
rPois  ∞         Gourm    .     m - +0 helmet
rElec  +         Spirit   .     u - +2 cloak
rCorr  .         Warding  .     (no gloves)
rMut   .         Stasis   .     o - +0 pair of boots
MR     +....                    p - amulet of rage
Stlth  +.........               (no ring)
                                (no ring)

@: mighty, somewhat resistant to hostile enchantments, very unstealthy
A: negative energy resistance 1, electricity resistance, unbreathing,
petrification resistance, rot immunity, AC +4
a: Evoke Berserk Rage


You were on level 3 of the Dungeon.
You were not hungry.

You visited 1 branch of the dungeon, and saw 4 of its levels.

You collected 138 gold pieces.

Inventory:

Hand Weapons
 a - a +0 flail (weapon)
Armour
 b - a +0 scale mail
 c - a +0 shield (worn)
 m - a +0 helmet (worn)
 o - a +0 pair of boots (worn)
 u - a +2 cloak (worn)
 y - a +0 leather armour of magic resistance (worn)
Jewellery
 p - an amulet of rage (around neck)
Scrolls
 g - 2 scrolls of remove curse
 i - 2 scrolls of fear {unknown}
 k - a scroll of noise {unknown}
 l - 2 scrolls of identify {unknown}
 q - 2 scrolls of fog {unknown}
 s - 2 scrolls of random uselessness {unknown}
 v - 2 scrolls of blinking {unknown}
 w - a scroll of amnesia {unknown}
Potions
 d - a potion of might
 h - a potion of ambrosia {unknown}
 r - a potion of invisibility {unknown}
 t - a potion of resistance {unknown}
 x - a potion of magic {unknown}
 z - 2 potions of curing {unknown}
 A - a potion of brilliance {unknown}
 C - a potion of flight {unknown}
 D - a potion of mutation {unknown}
Comestibles
 e - 4 bread rations
 f - 2 meat rations
 j - a slice of pizza
 n - 4 chunks of flesh
 B - a beef jerky


   Skills:
 - Level 3.2 Fighting
 + Level 3.2 Maces & Flails
 + Level 3.8 Armour
 - Level 2.1 Dodging
 - Level 0.8 Stealth
 + Level 4.6 Shields


You had 4 spell levels left.
You didn't know any spells.

Dungeon Overview and Level Annotations

Branches:
Dungeon (4/15)
 Temple: D:4-7

Altars:
Fedhas

Annotations:
D:2 exclusion: oklob plant
D:3 Edmund


Innate Abilities, Weirdness & Mutations

You are resistant to torment.
Your stone body is resilient (AC +4).
You are immune to poison.
You resist negative energy.
You are resistant to electric shocks.
You can survive without breathing.
You are immune to petrification.
You are immune to rotting.


Message History

* * * LOW HITPOINT WARNING * * *
You climb upwards.
There is a stone staircase leading down here.
Unknown command.
You don't know any spells.
That item cannot be evoked!
You aren't carrying any items that can be evoked.
Drink which item? (? for menu, Esc to quit)
You feel very mighty all of a sudden. Edmund hits you but does no damage.
You closely miss Edmund.
Edmund is moderately wounded.
Edmund hits you but does no damage.
You hit Edmund.
Edmund is moderately wounded.
Edmund barely misses you.
You hit Edmund.
Edmund is heavily wounded.
Edmund hits you with a flail of holy wrath.
You die...

#.# #.#.############
#####.########.#...........)###
##..............#.##########.##<
#..)......[...........(...##....
##.###.####.#.............##.###
#.###.# #.#...#########.##.#
#....)####.#...# #<# #.##.#
#.......#......####.####.##.###
###.......'.....@................
..........#....@......####.##.###
.................................
#####.....#)[#.#...##.####.##...)
#.....#.)#.#...##.# #.##....
######.#.....#...##)# #.##....
#............#)..##.####.##....
#.####.##..#.#...##......####'#
#.# #.##..#.#.................


You could see Edmund.

Vanquished Creatures
  2 orc wizards (D:3)
  Crazy Yiuf (D:2)
  An adder (D:3)
  An ooze (D:1)
  2 worms
  4 giant geckos
  12 orcs (D:3)
  6 bats
  4 giant cockroaches
  9 hobgoblins
  5 jackals (D:3)
  2 quokkas
  9 giant newts
  4 goblins
  3 kobolds (D:3)
  5 rats
70 creatures vanquished.

Notes
Turn   | Place    | Note
--------------------------------------------------------------
     0 | D:1      | Raultor the Gargoyle Fighter began the quest for the Orb.
     0 | D:1      | Reached XP level 1. HP: 14/14 MP: 1/1
   160 | D:1      | Reached XP level 2. HP: 16/19 MP: 2/2
   861 | D:2      | Reached XP level 3. HP: 23/23 MP: 3/3
  1036 | D:2      | Found a faded altar to an unknown god.
  1276 | D:2      | Noticed Crazy Yiuf
  1283 | D:2      | Killed Crazy Yiuf
  1283 | D:2      | Reached skill level 1 in Dodging
  1283 | D:2      | Reached skill level 4 in Shields
  1283 | D:2      | Reached XP level 4. HP: 24/28 MP: 4/4
  1521 | D:2      | Found a blossoming altar of Fedhas.
  1535 | D:2      | Noticed an oklob plant
  1847 | D:3      | Reached XP level 5. HP: 25/32 MP: 5/5
  2850 | D:4      | Noticed Edmund
  2886 | D:3      | Slain by Edmund

Vault maps used:
D:1:      zaba_arrival_water
D:2:      first_bread, ecumenical_altar_1, tgw_fedhas, uniq_crazy_yiuf_cottage
D:4:      minmay_overflow_temple_star_quad, temple_statues, st_stairs_12,
          uniq_edmund

Action                   |  1- 3 |  4- 6 || total
-------------------------+-------+-------++-------
Melee: Flail             |   120 |   193 ||   313
  Use: Scroll            |       |     1 ||     1
       Potion            |       |     1 ||     1
 Stab: Sleeping          |     1 |     1 ||     2
  Eat: Chunk             |     1 |     6 ||     7
